 Dungeon Crawl Stone Soup version 0.28.0-53-g5a82cb258f (webtiles) character file.

Game seed: 22930159482979725

4276 jjjjhere the Severer (level 10, -2/94 HPs)
             Began as a Hill Orc Warper on Aug 20, 2022.
             Was a Follower of Okawaru.
             Slain by Harold
             ... wielding a +3 vorpal trident
              (5 damage)
             ... on level 7 of the Dungeon.
             The game lasted 00:12:54 (10739 turns).

jjjjhere the Severer (Hill Orc Warper)             Turns: 10739, Time: 00:12:55

Health: -2/94      AC:  9    Str: 19    XL:     10   Next: 31%
Magic:  12/12      EV: 14    Int: 10    God:    Okawaru [*.....]
Gold:   391        SH:  0    Dex: 10    Spells: 12/12 levels left

rFire   . . .      SeeInvis .   r - +3 trident
rCold   + . .      Faith    .   (no shield)
rNeg    + + .      Spirit   .   k - +2 ring mail of Jeckeabb {rN++ Int-3}
rPois   .          Reflect  .   (helmet restricted)
rElec   .          Harm     .   x - +0 cloak
rCorr   .          Rampage  .   v - +0 pair of gloves
Will    +....                   (no boots)
Stlth   ..........              h - amulet of the acrobat
HPRegen 0.25/turn               y - +4 ring of evasion
MPRegen 0.13/turn               w - +4 ring of evasion

@: lethally poisoned (-2 -> -10), about to teleport, marked, attractive, held
A: horns 1, cold resistance 1, strong-willed 1, wild magic 1
a: Renounce Religion, Heroism


You were on level 7 of the Dungeon.
You worshipped Okawaru.
Okawaru was aware of your devotion.
You visited 2 branches of the dungeon, and saw 8 of its levels.

You collected 391 gold pieces.

Inventory:

Hand Weapons
 a - a +0 hand axe
 f - a +0 war axe
 r - a +3 trident (weapon)
Missiles
 c - 9 poisoned darts
 d - 4 boomerangs of dispersal (quivered)
 s - 3 boomerangs
 z - a throwing net
Armour
 b - a +0 leather armour
 e - a +1 ring mail
 k - the +2 ring mail of Jeckeabb (worn) {rN++ Int-3}
   (You found it on level 2 of the Dungeon)

   Int:       It affects your intelligence (-3).
   rN:        It greatly protects you from negative energy.
 t - a +1 scale mail of positive energy
 v - a +0 pair of gloves (worn)
 x - a +0 cloak (worn)
Jewellery
 h - an amulet of the acrobat (around neck)
 l - a ring of resist corrosion
 w - a +4 ring of evasion (right hand)
 y - a +4 ring of evasion (left hand)
Scrolls
 g - a scroll of acquirement {unknown}
 m - 2 scrolls of teleportation
 n - 4 scrolls of blinking
 p - a scroll of amnesia
 q - 6 scrolls of identify {unknown}
Potions
 o - a potion of curing
 u - 3 potions of might {unknown}


   Skills:
 + Level 10.4 Fighting
 - Level 15.3 Axes
 - Level 0.8 Throwing
 + Level 1.7 Armour
 + Level 1.9 Dodging
 - Level 1.5 Spellcasting
 - Level 2.4 Translocations
 + Level 1.2 Invocations


You had 12 spell levels left.
You didn't know any spells.
Your spell library contained the following spells:

 Spells                   Type           Power      Damage    Failure   Level
 Blink                    Tloc           14%        N/A       41%         2
 Gell's Gravitas          Tloc           7%         N/A       63%         3
 Lesser Beckoning         Tloc           7%         N/A       63%         3
 Teleport Other           Tloc           7%         N/A       63%         3
 Corpse Rot               Necr/Air       2%         N/A       73%         2
 Poisonous Vapours        Pois/Air       2%         N/A       73%         2
 Scorch                   Fire           2%         2d5       73%         2
 Flame Wave               Conj/Fire      1%         2d4       100%        4
 Manifold Assault         Tloc           7%         N/A       100%        5
 Summon Cactus Giant      Summ           Unusable   N/A       N/A         6

Dungeon Overview and Level Annotations

Branches:
Dungeon (7/15)             Temple (1/1) D:5

Altars:
Ashenzari
Elyvilon
Hepliaklqana
Nemelex Xobeh
Okawaru
Qazlal
Sif Muna
Trog
Vehumet
Yredelemnul
The Shining One

Shops:
D:4 *

Annotations:
D:7 Harold, Maggie


Innate Abilities, Weirdness & Mutations

You have a pair of small horns on your head.
Your flesh is cold resistant. (rC+)
You are strong-willed. (Will+)
Your spells are a little harder to cast, but a little more powerful.


Message History

The killer bee barely misses you. The hound barely misses you.
There is a stone staircase leading down here.
The killer bee barely misses you.
Harold throws a throwing net.
The throwing net hits you.
You become entangled in the net!
You stop descending the stairs.
The killer bee stings you but does no damage.
The hound misses you.
Unknown command.
You are too injured to fight recklessly!
You struggle against the net.
The killer bee closely misses you. The hound bites you but does no damage.
The bullfrog zombie barely misses you. The killer bee stings you.
Maggie the Vainglorious comes into view.
She is wielding a +0 war axe and carrying a wand of polymorph (6).
The hound bites you but does no damage.
As you read the scroll labelled UBLIDI ALUBBY, it crumbles to dust.
You feel strangely unstable.
It was a scroll of teleportation.
The killer bee stings you. The bullfrog zombie hits you.
The killer bee stings you but does no damage.
Maggie gestures wildly while chanting.
Maggie attempts to bespell you! You resist with almost no effort.
The hound closely misses you. The bullfrog zombie closely misses you.
It was a potion of attraction.
You feel attractive to monsters.
The killer bee stings you but does no damage.
The hound misses you. The killer bee barely misses you.
Harold hits you from afar with a +3 vorpal trident!
* * * LOW HITPOINT WARNING * * *
The bullfrog zombie closely misses you. The hound barely misses you.
Maggie is attracted toward you.
It was a potion of magic.
Magic courses through your body. The killer bee stings you.
* * * LOW HITPOINT WARNING * * *
You are poisoned.
The killer bee poisons you! The bullfrog zombie barely misses you.
The killer bee stings you but does no damage.
The hound bites you.
* * * LOW HITPOINT WARNING * * *
Harold hits you from afar with a +3 vorpal trident!
* * * LOW HITPOINT WARNING * * *
You die...

#...............#
######..####...###..#
#.......####'########
#..#......#.......#
#..'......#.......#
#..#......#.......#
#..##.##..##..##.##########
#####'##########h#..(.#...##
#......# #@y.†........+
#......# #.Z@.........#
#.....## #..@........##+##
####### #...........##..##
#######§....#.....
##.....#..... #......'.....
#......##..## #......##..#


You could see Harold, Maggie, a hound, a killer bee and a bullfrog zombie.

Vanquished Creatures
  A kobold demonologist (D:5)
  Grinder (D:3)
  6 yaks
  4 water moccasins
  A sky beast (D:5)
  2 ice beasts (D:5)
  An orc warrior (D:6)
  A black bear (D:5)
  A hornet zombie (D:5)
  4 ogres
  3 phantoms (D:5)
  A bullfrog (D:5)
  4 scorpions
  2 wyvern zombies
  2 water moccasin skeletons
  4 howler monkeys
  A bullfrog zombie (D:5)
  6 hounds
  4 orc priests
  A gnoll shaman (D:3)
  3 iguanas
  2 orc wizards
  A hound zombie (D:5)
  A hound skeleton (D:5)
  A howler monkey zombie (D:3)
  2 howler monkey skeletons
  6 gnolls
  4 adders
  A shadow imp (D:5)
  An adder skeleton (D:4)
  2 worms
  25 orcs
  7 ball pythons
  11 endoplasms
  2 giant cockroaches
  9 goblins
  10 hobgoblins
  11 jackals
  3 kobolds
  A quokka (D:3)
  4 bats
  4 frilled lizards
  5 rats
166 creatures vanquished.

Vanquished Creatures (others)
  A bat (D:2)
  A hobgoblin (D:2)
2 creatures vanquished.

Grand Total: 168 creatures vanquished

Notes
Turn   | Place    | Note
-------+----------+-------------------------------------------
     0 | D:1      | jjjjhere the Hill Orc Warper began the quest for the Orb.
     0 | D:1      | Reached XP level 1. HP: 18/18 MP: 3/3
   120 | D:1      | Reached skill level 3 in Axes
   130 | D:1      | Reached XP level 2. HP: 19/25 MP: 4/4
   434 | D:1      | Reached skill level 4 in Axes
   504 | D:1      | Found a faded altar of an unknown god.
   717 | D:1      | Reached XP level 3. HP: 22/31 MP: 5/5
  1953 | D:2      | Reached XP level 4. HP: 35/38 MP: 6/6
  2009 | D:2      | Reached skill level 5 in Axes
  2093 | D:2      | Found a shimmering blue altar of Sif Muna.
  2375 | D:2      | Identified the +2 ring mail of Jeckeabb {rN++ Int-3}
  2543 | D:3      | Noticed a sky beast
  2782 | D:3      | HP: 12/40 [sky beast (5)]
  2783 | D:3      | HP: 3/40 [sky beast (6)]
  3341 | D:3      | Found a broken altar of Ashenzari.
  3353 | D:3      | Noticed Grinder
  3363 | D:3      | Paralysed by Grinder for 4 turns
  3365 | D:3      | HP: 12/40 [orc/+0 mace (6)]
  3369 | D:3      | Gained mutation: Your flesh is cold resistant. (rC+)
                  | [potion of mutation]
  3369 | D:3      | Gained mutation: Your spells are a little harder to cast,
                  | but a little more powerful. [potion of mutation]
  3369 | D:3      | Gained mutation: You are strong-willed. (Will+) [potion of
                  | mutation]
  3369 | D:3      | Gained mutation: You have a pair of small horns on your
                  | head. [potion of mutation]
  3381 | D:3      | Paralysed by Grinder for 6 turns
  3386 | D:3      | HP: 13/40 [Grinder (1)]
  3783 | D:3      | Paralysed by Grinder for 5 turns
  3820 | D:3      | HP: 12/40 [Grinder (8)]
  3823 | D:3      | Paralysed by Grinder for 3 turns
  3825 | D:3      | HP: 6/40 [Grinder (4)]
  3827 | D:3      | HP: 2/40 [Grinder/nerve-wracking pain (3)]
  3857 | D:4      | HP: 5/40 [hobgoblin (1)]
  3879 | D:4      | HP: 4/40 [gnoll shaman/+0 whip (4)]
  3906 | D:4      | HP: 6/40 [kobold/stone (1)]
  3914 | D:4      | HP: 1/40 [gnoll/+0 spear (6)]
  3968 | D:3      | HP: 7/40 [kobold/+0 whip (1)]
  4359 | D:3      | Reached XP level 5. HP: 34/46 MP: 7/7
  4469 | D:3      | HP: 15/46 [Grinder (6)]
  4471 | D:3      | Killed Grinder
  4472 | D:3      | Reached skill level 7 in Axes
  4472 | D:3      | Reached XP level 6. HP: 18/55 MP: 8/8
  4741 | D:3      | HP: 18/55 [gnoll shaman/+0 whip (2)]
  4743 | D:3      | Reached skill level 5 in Fighting
  5191 | D:4      | Found Wikisabb's Fire Supplies.
  5288 | D:4      | Reached skill level 8 in Axes
  5288 | D:4      | Reached XP level 7. HP: 61/61 MP: 9/9
  6053 | D:5      | Entered Level 5 of the Dungeon
  6079 | D:5      | Reached skill level 9 in Axes
  6323 | D:5      | Reached XP level 8. HP: 67/71 MP: 10/10
  6336 | D:5      | Reached skill level 10 in Axes
  6627 | D:5      | HP: 19/71 [poisoned by a water moccasin]
  6751 | D:5      | Reached skill level 11 in Axes
  7071 | D:5      | Noticed a yak
  7071 | D:5      | Noticed a yak
  7071 | D:5      | Noticed a yak
  7071 | D:5      | Noticed a yak
  7071 | D:5      | Noticed a yak
  7075 | D:5      | Noticed a yak
  7094 | D:4      | Killed a yak
  7259 | D:5      | Killed a yak
  7260 | D:5      | Reached skill level 12 in Axes
  7260 | D:5      | Reached XP level 9. HP: 74/81 MP: 11/11
  7539 | D:4      | Reached skill level 13 in Axes
  8210 | D:5      | Found a staircase to the Ecumenical Temple.
  8231 | Temple   | Entered the Ecumenical Temple
  8397 | Temple   | Became a worshipper of Warmaster Okawaru
  8609 | D:5      | Noticed a kobold demonologist
  8700 | D:5      | Reached skill level 14 in Axes
  8723 | D:5      | Killed a kobold demonologist
  8763 | D:5      | Reached * piety under Okawaru
  8785 | D:5      | Reached XP level 10. HP: 38/93 MP: 12/12
  9449 | D:5      | Reached skill level 10 in Fighting
  9617 | D:6      | Reached skill level 15 in Axes
 10682 | D:7      | Reached skill level 1 in Invocations
 10704 | D:7      | Noticed Harold
 10736 | D:7      | Noticed Maggie
 10738 | D:7      | HP: 31/94 [Harold/+3 vorpal trident (17)]
 10739 | D:7      | HP: 3/94 [Harold/+3 vorpal trident (15)]
 10739 | D:7      | Slain by Harold

Illustrated notes

Levels and vault maps discovered:
D:1:      sevenhm_arrival_forest_fort_small_6, layout_loops_ring,
          shapermc_ecumenical_altar_mp_highgroup
D:2:      kennysheep_big_flooded_room, layout_loops_ring, basic_altar,
          minmay_misc_feat_tower, lemuel_flame_loot_1
D:3:      layout_basic, ashenzari_altar_1, serial_corexii_hall,
          corexii_hall_statues_i, corexii_hall_statues_x, st_stairs_2,
          roderic_nine_men_s_morris, uniq_grinder
D:4:      layout_basic, nicolae_shop_fire_sale [nicolae_sub_dead_trees],
          minmay_misc_feat_iff
D:5:      kennysheep_windowed_halls, layout_loops_cross,
          minmay_temple_entry_arrows, kennysheep_crisscross
D:6:      layout_rooms
D:7:      layout_gridville, uniq_maggie, uniq_harold, uniq_menkaure
Temple:   mainiacjoe_temple_cubbyholes

Skill      XL: |  1  2  3  4  5  6  7  8  9 10 |
---------------+-------------------------------+-----
Axes           | 3 4 5 7 8 9 12 14 15 | 15.3
Fighting       | 3 4 5 6 8 9 10 | 10.4
Invocations    | 1 |  1.2
Throwing       | |  0.8
Armour         | |  1.7
Dodging        | |  1.9
Spellcasting   | |  1.5
Translocations | |  2.4

Action                   |  1- 3 |  4- 6 |  7- 9 | 10-12 || total
-------------------------+-------+-------+-------+-------++-------
Melee: Hand axe          |   160 |   213 |    77 |       ||   450
       Punch             |     1 |     4 |     6 |     1 ||    12
       Headbutt          |       |    22 |    65 |    17 ||   104
       Trident           |       |       |   258 |   125 ||   383
Throw: Boomerang         |       |       |       |     2 ||     2
Invok: Heroism           |       |       |       |     1 ||     1
Evoke: Wand              |       |     3 |       |       ||     3
  Use: Scroll            |       |     4 |       |     1 ||     5
       Potion            |       |     3 |     1 |     2 ||     6
Armor: Ring mail         |    64 |    73 |    90 |    31 ||   258
Dodge: Dodged            |   118 |   137 |   151 |   111 ||   517
